 Dungeon Crawl Stone Soup version 0.25.0-15-gac7dcb8919 (webtiles) character file.

Game seed: 7375176017193064183

13055 Gabide the Grappler (level 11, -10/78 HPs)
             Began as a Demonspawn Gladiator on June 29, 2020.
             Was a Plaything of Xom.
             Mangled by Rupert
             ... wielding a +3 great sword of holy wrath
              (23 damage)
             ... on level 12 of the Dungeon.
             The game lasted 00:25:15 (13383 turns).

Gabide the Grappler (Demonspawn Gladiator)         Turns: 13383, Time: 00:25:17

Health: -10/78     AC:  9    Str: 25    XL:     11   Next: 70%
Magic:  0/11       EV: 17    Int:  9    God:    Xom [...*..]
Gold:   369        SH:  0    Dex: 16    Spells: 10/10 levels left

rFire    . . .     SeeInvis .     - Unarmed
rCold    . . .     Gourm    .   (no shield)
rNeg     + . .     Faith    .   h - +0 robe "Nicku" {rCorr Str+6}
rPois    +         Spirit   +   c - +0 helmet
rElec    .         Reflect  .   o - +2 cloak {MR+}
rCorr    +         Harm     .   (no gloves)
MR       ++...     Clarity  +   m - +0 pair of boots
Stlth    ++........             y - amulet "Dicw" {Spirit rPois}
HPRegen  0.23/turn              B - ring of positive energy
MPRegen  0.12/turn              d - ring of protection from magic

@: mighty, stab, very slightly contaminated, hasted, invisible, very quick
A: claws 2, icy blue scales 1, agile 1, blurry vision 1, clarity, deterioration
1, mutation resistance 1, powered by pain 2, spiny 1
a: Renounce Religion


You were on level 12 of the Dungeon.
You worshipped Xom.
You were a favourite toy of Xom.
You were not hungry.

You visited 1 branch of the dungeon, and saw 12 of its levels.
You also visited: Sewer.

You collected 579 gold pieces.
You spent 210 gold pieces at shops.

Inventory:

Missiles
 b - 7 curare-tipped darts (quivered)
 A - 31 poisoned darts
Armour
 c - a +0 helmet (worn)
 h - the +0 robe "Nicku" (worn) {rCorr Str+6}
   (You found it on level 7 of the Dungeon)

   It affects your strength (+6).
   It provides partial protection from all sources of acid and corrosion.
 m - a +0 pair of boots (worn)
 o - a +2 cloak of magic resistance (worn)
 q - a +3 leather armour of cold resistance
Jewellery
 d - a ring of protection from magic (right claw)
 y - the amulet "Dicw" (around neck) {Spirit rPois}
   (Xom gifted it to you on level 6 of the Dungeon)

   [amulet of guardian spirit]

   It causes incoming damage to be split between your health and magic.
   It protects you from poison.
 B - a ring of positive energy (left claw)
 C - an uncursed ring of protection from cold
 I - an uncursed ring of wizardry
 J - an uncursed amulet of regeneration
Wands
 a - a wand of flame (46)
 n - a wand of iceblast (29)
 r - a wand of polymorph (10)
 G - a wand of acid (10)
Scrolls
 k - 7 scrolls of remove curse
 t - 2 scrolls of blinking {unknown}
 u - 3 scrolls of teleportation
 D - 2 scrolls of vulnerability
 K - a scroll of fear {unknown}
Potions
 e - a potion of haste
 i - 2 potions of berserk rage {unknown}
 j - a potion of ambrosia
 l - 4 potions of curing
 s - 4 potions of flight
 v - 2 potions of brilliance {unknown}
 x - a potion of resistance {unknown}
 E - a potion of mutation {unknown}
 F - a potion of might
 H - a potion of cancellation {unknown}
Comestibles
 f - 19 rations
 z - 10 chunks of flesh


   Skills:
 + Level 4.7 Fighting
   Level 3.2 Maces & Flails
 - Level 1.7 Throwing
 - Level 2.3 Armour
 * Level 7.8 Dodging
 - Level 3.3 Stealth
 * Level 14.0 Unarmed Combat


You had 10 spell levels left.
You didn't know any spells.
Your spell library contained the following spells:

 Spells                   Type           Power        Failure   Level  Hunger
 Shock                    Conj/Air       #...         38%         1    ##.....
 Poisonous Vapours        Pois/Air       #.....       52%         2    ###....
 Swiftness                Chrm/Air       #.......     52%         2    ###....
 Conjure Flame            Conj/Fire      #.......     77%         3    ####...
 Mephitic Cloud           Conj/Pois/Air  #.......     77%         3    ####...
 Static Discharge         Conj/Air       #.......     77%         3    ####...
 Airstrike                Air            #.........   99%         4    #####..
 Lightning Bolt           Conj/Air       #.........   100%        5    ######.
 Freezing Cloud           Conj/Ice/Air   #.........   100%        6    #######
 Ring of Flames           Chrm/Fire      #.........   100%        7    #######


Dungeon Overview and Level Annotations

Branches:
Dungeon (11/15)            Temple (0/1) D:4            Lair (0/6) D:11
    Orc (0/2) D:9           Sewer (visited)

Altars:
Kikubaaqudgha
Nemelex Xobeh
Ru
Xom
Zin

Shops:
D:7 *:}(:   D:8 =

Annotations:
D:10 1 runed translucent door
D:12 Rupert


Innate Abilities, Weirdness & Mutations

You have very sharp fingernails.
You are partially covered in icy blue scales. (AC +2)
You sometimes gain power by taking damage.
You are partially covered in sharp spines.
You are agile. (Dex +2)
Scrolls take you a little longer to read.
You possess an exceptional clarity of mind.
Your body sometimes deteriorates upon taking damage.
You are somewhat resistant to further mutation.


Message History

Rupert struggles against the net.
You feel ready to backstab. "Hum-dee-hum-dee-hum..."
Rupert flickers and vanishes!
Deactivating autopickup; reactivate with Ctrl-A.
You are now a favourite toy of Xom.
Something wriggles in the net.
You completely miss something.
Something wriggles in the net.
All of a sudden the net rips apart!
You mangle something!! You closely miss something. You claw something!
You mangle something!! You mangle something!! Something hits you!!
* * * LOW HITPOINT WARNING * * *
Xom is mildly amused.
You focus on the pain.
You feel very mighty all of a sudden.
You convulse!!
You die...
Xom howls with laughter!

...................
...................
...................
..........)........
........).)).......
###########....#+#####
...+ #....#.....# ...#
#....'.....#
...########....#@...##
...#...........#.{..#
####.......#'###.....#
#.......#...#.....#
#.......#...#.....#
+.......#...#.....#
#.......#..##.##.##
...######..##.# .# ...
....


There were no monsters in sight!

Vanquished Creatures
  A hydra (D:9)
  A centaur warrior (D:12)
  Erica (D:8)
  Sonja (D:12)
  A gargoyle (D:10)
  Maggie (D:9)
  3 trolls
  2 dream sheep (D:9)
  5 yaks
  A steam dragon (D:7)
  Grum (D:9)
  2 hungry ghosts (D:12)
  An acid dragon (D:12)
  A water moccasin (D:9)
  A porcupine (D:11)
  Duvessa (D:4)
  5 orc warriors
  6 phantoms
  An ice beast (D:7)
  3 black bears
  3 wolves (D:9)
  An eye of draining (D:9)
  3 sky beasts
  3 ogres
  6 centaurs
  6 big kobolds
  7 bullfrogs
  2 gnoll sergeants
  3 scorpions
  Dowan (D:4)
  9 killer bees (D:8)
  12 wights
  A howler monkey (D:12)
  5 crimson imps
  6 hounds
  A bullfrog skeleton (D:4)
  3 centaur skeletons
  9 orc priests
  A gnoll shaman (D:8)
  2 jellies
  8 orc wizards
  5 iguanas
  2 worker ants (D:11)
  3 hound zombies
  A hound skeleton (D:7)
  A worker ant zombie (D:11)
  24 gnolls
  17 adders
  4 river rats
  A shadow imp (D:7)
  2 oozes (D:3)
  An adder zombie (D:9)
  A worm (D:4)
  5 dart slugs
  A leopard gecko (D:11)
  43 orcs
  4 ball pythons
  6 bats
  9 giant cockroaches
  5 goblins
  4 hobgoblins
  5 jackals
  7 quokkas
  2 frilled lizards
  16 kobolds
  2 quokka skeletons
  7 rats
309 creatures vanquished.

Vanquished Creatures (collateral kills)
  A wight (D:8)
1 creature vanquished.

Vanquished Creatures (others)
  Maurice (D:9)
  An orc (D:9)
  A plant (D:9)
3 creatures vanquished.

Grand Total: 313 creatures vanquished

Notes
Turn   | Place    | Note
-------+----------+-------------------------------------------
     0 | D:1      | Gabide the Demonspawn Gladiator began the quest for the
                  | Orb.
     0 | D:1      | Reached XP level 1. HP: 16/16 MP: 1/1
   293 | D:1      | Gained mutation: You have sharp fingernails. [demonic
                  | ancestry]
   293 | D:1      | Reached XP level 2. HP: 15/22 MP: 2/2
  1340 | D:2      | Gained mutation: You have very sharp fingernails. [demonic
                  | ancestry]
  1340 | D:2      | Reached XP level 3. HP: 27/27 MP: 3/3
  1351 | D:2      | Reached skill level 1 in Unarmed Combat
  1557 | D:2      | Gained mutation: You are partially covered in sharp spines.
                  | [demonic ancestry]
  1557 | D:2      | Reached XP level 4. HP: 33/33 MP: 4/4
  1884 | D:2      | Reached skill level 2 in Unarmed Combat
  2192 | D:3      | Reached skill level 1 in Stealth
  2288 | D:3      | Found an ancient bone altar of Kikubaaqudgha.
  2421 | D:3      | Gained mutation: You are partially covered in icy blue
                  | scales. (AC +2) [demonic ancestry]
  2421 | D:3      | Reached XP level 5. HP: 36/38 MP: 5/5
  2756 | D:3      | Reached skill level 3 in Unarmed Combat
  3112 | D:4      | Noticed Duvessa
  3112 | D:4      | Noticed Dowan
  3274 | D:4      | Reached XP level 6. HP: 44/44 MP: 6/6
  3280 | D:4      | Killed Dowan
  3280 | D:4      | Reached skill level 4 in Unarmed Combat
  3289 | D:4      | Killed Duvessa
  3358 | D:4      | Noticed an angel
  3360 | D:4      | Found a shimmering altar of Xom.
  3364 | D:4      | Found a glowing silver altar of Zin.
  3366 | D:4      | Reached skill level 1 in Armour
  3370 | D:4      | Became a worshipper of Xom the Capricious
  3470 | D:4      | Reached skill level 5 in Unarmed Combat
  3470 | D:4      | Gained mutation: You sometimes gain a little power by
                  | taking damage. [demonic ancestry]
  3470 | D:4      | Reached XP level 7. HP: 42/51 MP: 7/7
  3554 | D:4      | Found a glowing drain.
  3690 | Sewer    | Entered a sewer
  3832 | Sewer    | Found a white marble altar of Elyvilon.
  4265 | D:4      | Found a staircase to the Ecumenical Temple.
  4367 | D:5      | Entered Level 5 of the Dungeon
  4541 | D:5      | XOM: noise
  4803 | D:5      | XOM: confuse monster(s)
  4804 | D:5      | Reached skill level 6 in Unarmed Combat
  4810 | D:5      | XOM: confuse monster(s)
  4858 | D:5      | XOM is BORED!
  4897 | D:5      | XOM: 4-stop teleportation journey
  5368 | D:6      | Reached XP level 8. HP: 56/57 MP: 8/8
  5714 | D:6      | XOM: enchant monster (bad)
  5716 | D:6      | Reached skill level 7 in Unarmed Combat
  6032 | D:6      | XOM: 1-stop teleportation journey
  6128 | D:6      | XOM: god gift: coiled graven amulet {god gift}
  6129 | D:6      | Got a coiled graven amulet {god gift}
  6130 | D:6      | Identified the amulet "Dicw" {Spirit rPois} (Xom gifted it
                  | to you on level 6 of the Dungeon)
  6431 | D:6      | XOM: give mutations
  6431 | D:6      | Gained mutation: You are agile. (Dex +2) [Xom's grace]
  6431 | D:6      | Gained mutation: You are somewhat resistant to further
                  | mutation. [Xom's grace]
  6481 | D:6      | XOM: god gift: long sword {god gift}
  6751 | D:7      | Found Dufroluc's Book Shoppe.
  6866 | D:7      | Reached skill level 8 in Unarmed Combat
  6875 | D:7      | Found a glowing silver altar of Zin.
  6896 | D:7      | Found Iran's Antique Weapon Shoppe.
  6969 | D:7      | Found Ahiy's Gadget Shoppe.
  7016 | D:7      | XOM: polymorph quokka -> orc
  7039 | D:7      | XOM: polymorph ice beast -> black bear
  7041 | D:7      | Reached XP level 9. HP: 34/62 MP: 4/9
  7225 | D:7      | XOM: noise
  7390 | D:7      | Found Opruuxt's Book Shoppe.
  7436 | D:7      | Got a warped robe
  7447 | D:7      | Identified the +0 robe "Nicku" {rCorr Str+6} (You found it
                  | on level 7 of the Dungeon)
  7469 | D:7      | XOM: summons 1 hostile shadow creature
  7596 | D:7      | Reached skill level 9 in Unarmed Combat
  7829 | D:7      | XOM: summons 5 hostile demons
  7830 | D:7      | Noticed a soul eater
  7830 | D:7      | Noticed a soul eater
  7830 | D:7      | Noticed a soul eater
  8227 | D:7      | Found Xeiskiki's General Store.
  8240 | D:7      | Bought 15 poisoned darts for 84 gold pieces
  8240 | D:7      | Bought a potion of might for 56 gold pieces
  8240 | D:7      | Bought a potion of heal wounds for 70 gold pieces
  8282 | D:7      | XOM: summons 4 hostile shadow creatures
  8299 | D:7      | XOM: give mutation
  8299 | D:7      | Gained mutation: Your body sometimes deteriorates upon
                  | taking damage. [Xom's mischief]
  8524 | D:8      | Noticed Erica
  8527 | D:8      | XOM: enchant monster (good)
  8529 | D:8      | XOM: cast spell 'Leda's Liquefaction'
  8532 | D:8      | Killed Erica
  8532 | D:8      | Reached skill level 5 in Dodging
  8532 | D:8      | Reached skill level 10 in Unarmed Combat
  8568 | D:8      | HP: 2/64 [ogre/+0 giant club (24)]
  8804 | D:8      | XOM: scenery: create altars
  9221 | D:8      | XOM: 3-stop teleportation journey
  9229 | D:8      | Reached XP level 10. HP: 30/71 MP: 2/10
  9419 | D:8      | XOM: god gift: 2 curare-tipped darts
  9528 | D:8      | XOM: swap monsters
  9581 | D:8      | XOM: god gift: 27 gold pieces
  9675 | D:8      | Found Lenli's Jewellery Shoppe.
  9885 | D:9      | Noticed Maurice
  9886 | D:9      | Noticed Grum
  9890 | D:9      | Reached skill level 11 in Unarmed Combat
  9896 | D:9      | Killed Maurice
  9900 | D:9      | Killed Grum
 10197 | D:9      | XOM: divination: magic mapping
 10266 | D:9      | Noticed Maggie
 10275 | D:9      | Killed Maggie
 10278 | D:9      | XOM: snakes to sticks
 10315 | D:9      | Found a sparkling altar of Nemelex Xobeh.
 10315 | D:9      | XOM: 2-stop teleportation journey
 10460 | D:9      | Found a sacrificial altar of Ru.
 10507 | D:9      | XOM: cloud trail
 10518 | D:9      | Found a staircase to the Orcish Mines.
 10601 | D:9      | Noticed a two-headed hydra
 10621 | D:9      | Killed a two-headed hydra
 10621 | D:9      | Reached skill level 12 in Unarmed Combat
 10627 | D:9      | XOM: blink monster(s)
 10935 | D:9      | XOM: silly message
 11022 | D:9      | XOM: noise
 11044 | D:9      | Gained mutation: You sometimes gain power by taking damage.
                  | [demonic ancestry]
 11044 | D:9      | Reached XP level 11. HP: 38/78 MP: 6/11
 11439 | D:9      | XOM: noise
 11484 | D:9      | XOM: noise
 11542 | D:10     | Entered Level 10 of the Dungeon
 11580 | D:10     | Found a glowing silver altar of Zin.
 11580 | D:10     | Found a runed translucent door.
 11580 | D:10     | Noticed an angel
 11688 | D:10     | XOM: silly message
 12267 | D:10     | XOM: 6-stop teleportation journey
 12414 | D:11     | XOM: divination: magic mapping
 12507 | D:11     | XOM: silly message
 12509 | D:11     | Reached skill level 13 in Unarmed Combat
 12604 | D:11     | XOM: give mutations
 12604 | D:11     | Gained mutation: You possess an exceptional clarity of
                  | mind. [Xom's mischief]
 12604 | D:11     | Lost mutation: Your body sometimes deteriorates upon taking
                  | damage. [Xom's mischief]
 12604 | D:11     | Gained mutation: Scrolls take you a little longer to read.
                  | [Xom's mischief]
 12604 | D:11     | Gained mutation: Your body sometimes deteriorates upon
                  | taking damage. [Xom's mischief]
 12635 | D:11     | XOM: enchant monster (bad)
 12815 | D:11     | XOM: divination: magic mapping
 12906 | D:11     | XOM: silly message
 13026 | D:11     | You fall into a shaft and drop 1 floor!
 13046 | D:12     | Noticed a centaur warrior
 13057 | D:12     | Killed a centaur warrior
 13151 | D:12     | XOM: polymorph quokka -> river rat
 13179 | D:12     | Noticed Sonja
 13182 | D:12     | Killed Sonja
 13294 | D:12     | Reached skill level 14 in Unarmed Combat
 13367 | D:12     | Noticed Rupert
 13377 | D:12     | XOM: enchant monster (bad)
 13383 | D:12     | Mangled by Rupert

Illustrated notes

Levels and vault maps discovered:
D:1:      dpeg_arrival_pits, layout_basic, corexii_item_surrounded_by_moat,
          minmay_pentomino_u4
D:2:      layout_rooms, first_ration, minmay_distorted
D:3:      layout_loops_ring, kiku_gazebo_pond_becter
D:4:      layout_cave_pools, grunt_temple_overflow_order_and_chaos_1,
          minmay_temple_entry_fiery, cheibrodos_sewer_entry_bend, uniq_duvessa
D:5:      layout_rooms, serial_co_window_serial, co_window_paths_a,
          co_window_paths_b, co_window_paths_a, co_window_paths_a,
          co_window_corner_a, co_window_paths_a, co_window_of_opportunity_a,
          co_window_broadway_b, co_window_corner_ca, co_window_paths_c,
          glass_columns_b, glass_columns_a, glass_columns_a, glass_columns_b,
          minivault_1
D:6:      layout_basic, minivault_5
D:7:      minmay_angry_zag, layout_loops_corners, serial_shops, shop, shop,
          nicolae_shop_trees, shop, kennysheep_little_box, basic_altar,
          grunt_potential
D:8:      layout_cave_pools, serial_shops, shop, uniq_erica
D:9:      layout_small_grid, nemelex_xobeh_ov_fountains_minmay, orc_0_dummy,
          hangedman_ranch [blue_anna_fruit_fields],
          nicolae_ru_the_path_less_chosen, uniq_maurice, uniq_grum, uniq_maggie
D:10:     layout_loops_ring, lemuel_angel_altar
D:11:     layout_roguey, grunt_lair_entry_orc_guard_hut,
          hangedman_decor_peaks_small
D:12:     layout_gridville, uniq_sonja, uniq_rupert

Skill      XL: |  1  2  3  4  5  6  7  8  9 10 11 |
---------------+----------------------------------+-----
Maces & Flails | 3 |  3.2
Dodging        | 3 4 5 7 |  7.8
Unarmed Combat | 1 2 3 5 6 8 10 12 14 | 14.0
Stealth        | 1 2 3 |  3.3
Armour         | 1 2 |  2.3
Fighting       | 3 4 |  4.7
Throwing       | |  1.7

Action                   |  1- 3 |  4- 6 |  7- 9 | 10-12 || total
-------------------------+-------+-------+-------+-------++-------
Melee: Flail             |    34 |     1 |       |       ||    35
       Unarmed           |    71 |   153 |   325 |   316 ||   865
       Punch             |       |     1 |    19 |    25 ||    45
Throw: Throwing net      |     2 |       |     2 |     3 ||     7
  Use: Scroll            |       |     8 |    11 |     2 ||    21
       Potion            |       |       |     2 |     9 ||    11
 Stab: Held in net/web   |     2 |       |     1 |     1 ||     4
       Sleeping          |       |     3 |     4 |     9 ||    16
       Confused          |       |     1 |     5 |     1 ||     7
       Distracted        |       |       |     2 |     1 ||     3
       Invisible         |       |       |       |     3 ||     3
  Eat: Chunk             |     2 |     6 |     9 |     8 ||    25
       Ration            |       |       |     3 |     2 ||     5
Armor: Leather armour    |    26 |    25 |    54 |       ||   105
       Ring mail         |       |     6 |       |       ||     6
       Skin              |       |     4 |       |       ||     4
       Robe              |       |       |    14 |    41 ||    55
Dodge: Dodged            |    68 |   119 |   228 |   189 ||   604
